 Dungeon Crawl Stone Soup version 0.29-a0-902-g0f71de6fce (webtiles) character file.

Game seed: 4396599489817789329

44 Aviak the Chiller (level 3, -8/26 HPs)
             Began as a Demigod Ice Elementalist on July 24, 2022.
             Mangled by a kobold
             ... wielding a +1 dagger of electrocution
              (12 damage)
             ... on level 3 of the Dungeon.
             The game lasted 00:05:05 (2351 turns).

Aviak the Chiller (Demigod Ice Elementalist)        Turns: 2351, Time: 00:05:05

Health: -8/26      AC: 10    Str:  9    XL:     3   Next: 22%
Magic:  9/9        EV: 12    Int: 21    God:
Gold:   125        SH:  0    Dex: 14    Spells: 2/6 levels left

rFire   . . .      SeeInvis .   p - +0 falchion (protect)
rCold   . . .      Faith    .   (no shield)
rNeg    . . .      Spirit   .   j - +0 leather armour
rPois   .          Reflect  .   (no helmet)
rElec   .          Harm     .   (no cloak)
rCorr   .          Rampage  .   (no gloves)
Will    .....                   (no boots)
Stlth   ++........              (no amulet)
HPRegen 0.08/turn               (no ring)
MPRegen 0.11/turn               (no ring)

@: under a protective aura
A: high MP 1, forlorn, divine attributes
a: no special abilities


You were on level 3 of the Dungeon.
You visited 1 branch of the dungeon, and saw 3 of its levels.

You collected 125 gold pieces.

Inventory:

Hand Weapons
 p - a +0 falchion of protection (weapon)
Armour
 a - a +0 robe
 j - a +0 leather armour (worn)
Magical Staves
 o - a staff of air {rElec}
Scrolls
 c - a scroll of amnesia {unknown}
 h - 3 scrolls of identify {unknown}
 m - a scroll of noise {unknown}
Potions
 b - a potion of magic
 f - a potion of cancellation {unknown}
 g - a potion of degeneration {unknown}
 i - a potion of curing {unknown}
 k - 2 potions of heal wounds {unknown}
 l - 2 potions of brilliance {unknown}
 n - a potion of invisibility {unknown}


   Skills:
 - Level 2.5 Dodging
 - Level 1.7 Stealth
 + Level 2.3 Spellcasting
 + Level 4.0 Ice Magic


You had 2 spell levels left.
You knew the following spells:

 Your Spells              Type           Power      Damage    Failure   Level
a - Freeze                Ice            76%        1d9       3%          1
b - Frozen Ramparts       Ice            38%        1d5       12%         3

Your spell library contained the following spells:

 Spells                   Type           Power      Damage    Failure   Level
 Ozocubu's Armour         Ice            19%        N/A       12%         3
 Hailstorm                Conj/Ice       10%        3d5       65%         4


Dungeon Overview and Level Annotations

Branches:
Dungeon (3/15) Zot: 15645

Shops:
D:1 (:::

Annotations:
D:2 Sigmund


Innate Abilities, Weirdness & Mutations

You have an increased reservoir of magic. (+10% MP)
You shall have no god before yourself.
Your divine heritage dramatically boosts your attributes as you level up.


Message History

o - a staff of air {rElec}
Found a short sword.
You see here a +0 short sword.
You see here a +1 vampiric spear {!w}.
No target in view!
Found a stone staircase leading up.
Found 6 stones.
There is a stone staircase leading down here.
You climb downwards.
There is a stone staircase leading up here.
Found a stone staircase leading up.
You see here a +0 falchion of protection.
p - a +0 falchion of protection Your +0 falchion of protection hums with potential!
p - a +0 falchion of protection (weapon)
You drop a +0 dagger.
You drop a +1 dagger of pain.
You now have 125 gold pieces (gained 6).
You open the door.
A kobold comes into view.
It is wielding a +1 dagger of electrocution.
Found 3 gold pieces.
There is an open door here.
A goblin comes into view. It is wielding a +0 club.
Found a stone staircase leading down.
The goblin shouts!
The kobold shouts!
The goblin misses you.
You hit the goblin.
Your weapon exudes an aura of protection.
You kill the goblin!
The kobold completely misses you.
Training target 2.5 for Dodging reached!
You closely miss the kobold. The kobold hits you but does no damage.
You are electrocuted!!
Ouch! That really hurt!
* * * LOW HITPOINT WARNING * * *
A bat comes into view.
The kobold hits you with a +1 dagger of electrocution.
* * * LOW HITPOINT WARNING * * *
You are electrocuted!
You die...

############.
b..........>
.......... ##
#.......##
...#........#...
...$....#.#..#
.#####.K...#....#
.......@........
######)#'####...
#.#.# . #.##
#.#.#.#.#..#
#.#.#<..#).####
#.#.#.......#<#
#.#.#####.#.#.#
#.#.#.........#
#.#.##.#.#..#


You could see a bat and a kobold.

Vanquished Creatures
  A worm (D:2)
  5 bats
  4 endoplasms
  2 giant cockroaches
  4 goblins
  A hobgoblin (D:1)
  4 jackals
  A quokka (D:1)
  6 ball pythons
  4 frilled lizards
  A kobold (D:1)
  5 rats
38 creatures vanquished.

Notes
Turn   | Place    | Note
-------+----------+-------------------------------------------
     0 | D:1      | Aviak the Demigod Ice Elementalist began the quest for the
                  | Orb.
     0 | D:1      | Reached XP level 1. HP: 14/14 MP: 5/5
    93 | D:1      | Found Lureon's Book Boutique.
   282 | D:1      | Found Zoen's Weapon Emporium.
   584 | D:1      | Reached XP level 2. HP: 16/20 MP: 7/7
   679 | D:1      | Found Dugug's Book Boutique.
  1374 | D:1      | Found Etupet's Book Shop.
  1500 | D:2      | Noticed Sigmund
  1803 | D:2      | Reached XP level 3. HP: 18/26 MP: 7/9
  1806 | D:2      | Reached skill level 4 in Ice Magic
  1810 | D:2      | Learned a level 3 spell: Frozen Ramparts
  2351 | D:3      | Mangled by a kobold

Illustrated notes

Levels and vault maps discovered:
D:1:      minmay_arrival_five_plusses, layout_basic,
          hellmonk_ecumenical_altar_pennies_from_heaven, serial_shops,
          nicolae_shop_bloodbath_and_beyond, nicolae_shop_statue_plus, shop,
          nicolae_shop_hallway_stairs
D:2:      layout_basic, kennysheep_generic_room_6, uniq_sigmund
D:3:      layout_basic, zin_scriptorium, lemuel_crystal_altar, minmay_between

Skill      XL: |  1  2  3 |
---------------+----------+-----
Dodging        | 2 |  2.5
Spellcasting   | 2 |  2.3
Ice Magic      | 4 |  4.0
Stealth        | |  1.7

Action                   || total
-------------------------++-------
Melee: Dagger            ||    74
       Unarmed           ||     2
       Punch             ||     4
       Falchion          ||     2
 Cast: Freeze            ||    26
       Frozen Ramparts   ||     1
 Stab: Sleeping          ||     5
       Distracted        ||     1
Armor: Robe              ||    11
       Leather armour    ||    12
Dodge: Dodged            ||    73

Table legend: (Time is in decaauts)
 A = Elapsed time spent in this place.
 B = Non-inter-level travel time spent in this place.
 C = Inter-level travel time spent in this place.
 D = Time resting spent in this place.
 E = Time spent auto-exploring this place.
 F = Levels seen in this place.
 G = Mean time per level.
                   A        B        C        D        E       F      G
               +--------+--------+--------+--------+--------+-----+--------+
         Total |   2353 |   2272 |     81 |    240 |   1576 |   3 |  784.3 |
       Dungeon |   2353 |   2272 |     81 |    240 |   1576 |   3 |  784.3 |
               +--------+--------+--------+--------+--------+-----+--------+

Top non-repeatable levels by time:
     D:1: 1428 daAuts
     D:2: 887 daAuts
     D:3: 37 daAuts
